 Dungeon Crawl Stone Soup version 0.23-a0-321-g6bcb69f (console) character file.

56 bli the Insei (level 3, 0/23 HPs)
             Began as an Octopode Transmuter on Oct 15, 2018.
             Slain by Natasha (5 damage)
             ... on level 2 of the Dungeon.
             The game lasted 00:03:57 (1783 turns).

bli the Insei (Octopode Transmuter)                 Turns: 1783, Time: 00:03:58

Health: 0/23       AC:  1    Str: 10    XL:     3   Next: 97%
Magic:  5/6        EV: 13    Int: 15    God:
Gold:   71         SH:  0    Dex: 12    Spells: 5/6 levels left

rFire    . . .     SeeInvis .     - Unarmed
rCold    . . .     Gourm    .   (no shield)
rNeg     . . .     Faith    .   (helmet restricted)
rPois    .         Spirit   .   (no amulet)
rElec    .         Reflect  .   (no ring)
rCorr    .         Harm     .   (no ring)
MR       .....                  (no ring)
Stlth    +++.......             (no ring)
HPRegen  0.07/turn              (no ring)
MPRegen  0.10/turn              (no ring)
                                (no ring)
                                (no ring)

@: appendage
A: almost no armour, stealthy swim, amphibious, 8 rings, constrict 8, tentacle
spike 3, camouflage 1, gelatinous body 1
a: End Transformation


You were on level 2 of the Dungeon.
You were not hungry.
One of your tentacles had a temporary spike.
You visited 1 branch of the dungeon, and saw 2 of its levels.

You collected 71 gold pieces.

Inventory:

Hand Weapons
 f - a cursed -3 dagger
Missiles
 a - 12 arrows
 b - 37 stones (quivered)
Scrolls
 h - a scroll of teleportation {unknown}
Potions
 e - 2 potions of brilliance {unknown}
 g - a potion of heal wounds {unknown}
Comestibles
 c - 2 rations
 d - 11 chunks of flesh


   Skills:
 * Level 1.1 Fighting
 + Level 2.5 Dodging
 + Level 1.9 Stealth
 + Level 4.1 Unarmed Combat
 - Level 2.0 Spellcasting
 - Level 2.0 Transmutations


You had 5 spell levels left.
You knew the following spells:

 Your Spells              Type           Power        Failure   Level  Hunger
a - Beastly Appendage     Tmut           #.....       10%         1    #......

Your spell library contained the following spells:

 Spells                   Type           Power        Failure   Level  Hunger
 Sticks to Snakes         Tmut           #.......     14%         2    ###....
 Spider Form              Tmut/Pois      #.........   41%         3    ###....
 Ice Form                 Ice/Tmut       #.......     82%         4    #####..
 Blade Hands              Tmut           #.........   95%         5    ######.


Dungeon Overview and Level Annotations

Branches:
Dungeon (2/15)

Altars:

Annotations:
D:2 Natasha


Innate Abilities, Weirdness & Mutations

You cannot wear most types of armour.
You are very stealthy in the water. (Stealth+)
You are amphibious.
You can wear up to eight rings at the same time.
You can use your tentacles to constrict eight enemies at once.
Your skin changes colour to match your surroundings (Stealth+).
Your rubbery body absorbs attacks. (AC +1, EV +1)
One of your tentacles bears a large vicious spike.


Message History

The magic dart hits you!
Found 8 gold pieces.
You see here a runed hand axe.
Casting: Beastly Appendage (safe; 10% risk of failure)
Confirm with . or Enter, or press ? or * to list all spells.
One of your tentacles grows a vicious spike.
You tentacle-slap Natasha. Your grab misses Natasha.
Your tentacle spike misses Natasha is moderately wounded.
Natasha casts a spell.
You barely miss Natasha. You grab Natasha.
You pierce Natasha, but do no Natasha is moderately wounded.
You constrict Natasha. Natasha misses you.
You barely miss Natasha.
You pierce Natasha, but do no damage.
You squeeze Natasha is severely wounded.
You constrict Natasha. Natasha claws you.
* * * LOW HITPOINT WARNING * * *
You tentacle-slap Natasha but do no damage.
Natasha is severely wounded.
You constrict Natasha. Natasha claws you.
You die...

#..≈≈≈≈≈≈≈≈≈≈
#..≈≈≈≈≈≈≈≈≈.
#≈≈≈≈≈≈≈≈≈≈≈.
#.≈≈≈≈≈≈≈≈≈≈≈
#≈..[.≈.≈.≈.≈
#≈.≈.≈...≈≈≈≈
###÷#........
#..........
#.[÷######. .
#...######....
#.....@h......
#......5...#..
#####...####..#
#...............$
#.###............
#.#.###.###.#
#.#.###.## #
#........#
###.###..# #
#.###..##.#
#.........#


You could see Natasha and a crimson imp.

Vanquished Creatures
  2 oozes (D:1)
  2 leopard geckos
  3 giant cockroaches (D:1)
  5 goblins
  3 hobgoblins
  13 jackals (D:1)
  4 bats (D:1)
  2 kobolds
  8 rats
42 creatures vanquished.

Notes
Turn   | Place    | Note
-------+----------+-------------------------------------------
     0 | D:1      | bli the Octopode Transmuter began the quest for the Orb.
     0 | D:1      | Reached XP level 1. HP: 13/13 MP: 3/3
     1 | D:1      | Found a runed door.
   184 | D:1      | Reached XP level 2. HP: 18/18 MP: 5/5
  1084 | D:1      | Reached skill level 1 in Stealth
  1192 | D:1      | Reached XP level 3. HP: 12/23 MP: 4/6
  1605 | D:1      | Reached skill level 4 in Unarmed Combat
  1737 | D:2      | Found a faded altar of an unknown god.
  1776 | D:2      | Noticed Natasha
  1783 | D:2      | Slain by Natasha

Vault maps used:
D:1:      dpeg_arrival_caged_fury
D:2:      chequers_ecumenical_altar_island, uniq_natasha

Skill      XL: |  1  2  3 |
---------------+----------+-----
Stealth        | 1 |  1.9
Unarmed Combat | 4 |  4.1
Fighting       | |  1.1
Dodging        | |  2.5
Spellcasting   | |  2.0
Transmutations | |  2.0

Action                   || total
-------------------------++-------
Melee: Unarmed           ||   104
       Constrict         ||    24
       Kick              ||    18
       Tentacles         ||    15
       Punch             ||     1
 Cast: Beastly Appendage ||    15
 Stab: Sleeping          ||     7
       Distracted        ||     1
  Eat: Chunk             ||     3
Armor: Skin              ||     6
Dodge: Dodged            ||    66

Table legend:
 A = Non-vault XP
 B = Vault XP
 C = Vault XP percentage of total XP
 D = Non-vault monster count
 E = Vault monster count
 F = Vault count percentage of total count
                 A         B        C        D         E       F
            +---------+---------+-------+---------+---------+-------
      Total |      53 |      28 |  34.6 |      31 |      11 |  26.2
            +---------+---------+-------+---------+---------+-------
        D:1 |      41 |      28 |  40.6 |      24 |      11 |  31.4
        D:2 |      12 |       0 |   0.0 |       7 |       0 |   0.0
            +---------+---------+-------+---------+---------+-------
